 Dungeon Sprint DCSS version 0.21.1-1-g345015f (webtiles) character file.

13246 Mgcat the Severer (level 11, -39/120 HPs)
             Began as a Deep Dwarf Fighter on Feb 9, 2018.
             Was the Champion of Makhleb.
             Killed from afar by Lom Lobon (54 damage)
             ... with a great icy blast
             ... in the Dungeon (Sprint I: "Red Sonja").
             The game lasted 00:14:14 (1471 turns).

Mgcat the Severer (Deep Dwarf Fighter)              Turns: 1471, Time: 00:14:15

Health: -39/120    AC: 20    Str: 20    XL:     11   Next: 73%
Magic:  11/11      EV:  7    Int:  9    God:    Makhleb [******]
Gold:   177        SH: 14    Dex: 18    Spells: 10/10 levels left

rFire    + . .     SeeInvis .   a - +0 war axe
rCold    . . .     Gourm    .   c - +0 shield
rNeg     + . .     Faith    .   b - +1 plate armour "Ykuygg" {rF+ rN+ Dex+3} (curse)
rPois    .         Spirit   .   d - -1 helmet (curse)
rElec    +         Reflect  .   (no cloak)
rCorr    .         Harm     .   o - +1 pair of gloves of the Buccaneer {rElec Stlth+}
MR       +....     NoTele   +   (no boots)
Stlth    ..........             (no amulet)
HPRegen  0.00/turn              s - ring of flight {+Fly, !d}
MPRegen  0.12/turn              (no ring)

@: frozen, non-regenerating, very slow
A: damage resistance, heal wounds, sense surroundings 2, no regeneration
a: Heal Wounds, Minor Destruction, Lesser Servant of Makhleb, Major Destruction,
Greater Servant of Makhleb, Renounce Religion, Evoke Flight


You were in the Dungeon.
You worshipped Makhleb.
Makhleb was exalted by your worship.
You were not hungry.

You visited 1 branch You collected 1356 gold pieces.
You spent 1179 gold pieces at shops.

Inventory:

Hand Weapons
 a - a +0 war axe (weapon)
 h - a +0 trident
   (You took it off a merfolk siren in the Dungeon)
 j - a +0 giant spiked club
   (You took it off an ogre in the Dungeon)
Missiles
 g - 6 curare-tipped needles
Armour
 b - the cursed +1 plate armour "Ykuygg" (worn) {rF+ rN+ Dex+3}
   (You bought it in a shop in the Dungeon)

   It affects your dexterity (+3).
   It protects you from fire.
   It protects you from negative energy.
   It has a curse placed upon it.
 c - a +0 shield (worn)
 d - a cursed -1 helmet (worn)
   (You bought it in a shop in the Dungeon)
 n - a +0 helmet
   (You found it in the Dungeon)
 o - the +1 pair of gloves of the Buccaneer (worn) {rElec Stlth+}
   (You bought it in a shop in the Dungeon)

   It insulates you from electricity.
   It makes you more stealthy.
 q - a +3 chain mail of poison resistance
   (You bought it in a shop in the Dungeon)
Jewellery
 s - a ring of flight (left hand) {+Fly, !d}
   (You found it in the Dungeon)
Wands
 r - a wand of random effects (30)
   (You found it in the Dungeon)
 t - a wand of paralysis (17)
   (You found it in the Dungeon)
Scrolls
 k - a scroll of blinking {!r}
Potions
 e - 4 potions of curing
 i - 2 potions of magic
 l - a potion of might
 m - a potion of mutation {!q}
Comestibles
 f - 9 chunks of flesh {@w0}


   Skills:
 + Level 14.1 Fighting
 + Level 16.2 Axes
 + Level 14.2 Armour
 + Level 14.2 Shields
 + Level 11.8 Invocations


You had 10 spell levels left.
You didn't know any spells.

Dungeon Overview and Level Annotations

Branches:
Dungeon (1/1)

Altars:
Cheibriados
Dithmenos
Elyvilon
Fedhas
Gozag
Hepliaklqana
Kikubaaqudgha
Makhleb
Nemelex Xobeh
Okawaru
Qazlal
Ru
Sif Muna
Trog
Uskayaw
Vehumet
Wu Jian
Xom
Yredelemnul
Zin
The Shining One
Jiyva
Lugonu

Shops:
D [:?%}?[%}[[*%[[[

Annotations:
D Lom Lobon


Innate Abilities, Weirdness & Mutations

You are resistant to damage.
You can heal yourself by infusing magical energy.
You passively map the area around you.
You do not regenerate.


Message History

Makhleb accepts your kill.
You feel better.
You feel extremely nervous for a moment...
You are engulfed in negative energy!
You partially resist.
You feel drained.
The red devil disappears in a puff of smoke!
Your life force feels restored.
You feel much better. Why would you want to do that?
Why would you want to do that?
There is an open door here.
You enter the shallow water.
Moving in this stuff is going to be slow.
You are no longer poisoned.
A gargoyle comes into view. It is wielding a mace.
There is an open door here.
As you close the door, it creaks loudly!
A gargoyle opens the door.
You hit the gargoyle.
The gargoyle is moderately damaged.
Your shield and plate armour "Ykuygg" prevent you from hitting the gargoyle.
The gargoyle is moderately damaged.
The gargoyle hurls a stone arrow at you.
You block the stone arrow.
You hit the gargoyle but do no damage.
The gargoyle is moderately damaged.
You block the gargoyle's attack.
You hit the gargoyle but do no damage.
The gargoyle is moderately damaged.
You hit the gargoyle but do no damage.
The gargoyle is moderately damaged.
The gargoyle hurls a stone arrow at you.
You block the stone arrow.
You slash the gargoyle!
The gargoyle is severely damaged.
The gargoyle barely misses you.
You hit the gargoyle but do no damage.
The gargoyle is severely damaged.
You are no longer corroded.
You hit the gargoyle.
You destroy the gargoyle!
Makhleb accepts your kill.
You feel better.
There is an open door here.
You see here a mace.
You open the door.
There is an open door here.
Lom Lobon, Demon Lord of Forbidden Knowledge comes into view.
You found an arrow trap!
Lom Lobon gestures. 5 ball lightnings come into view.
You hear a clap of thunder!
The blast of lightning engulfs the ball lightning.
The ball lightning completely resists.
An arrow hits the ball lightning!
The ball lightning explodes!
The blast of lightning engulfs the ball lightning.
The ball lightning completely resists.
The blast of lightning engulfs Lom Lobon.
Lom Lobon completely resists.
An arrow hits the ball lightning!
The ball lightning explodes!
The blast of lightning engulfs Lom Lobon.
Lom Lobon completely resists.
Lom Lobon gestures.
A ball lightning comes into view.
You hear a clap of thunder!
Unknown command.
Unknown command.
Unknown command.
You hear a clap of thunder! x2
There is an open door here.
Unknown command.
Unknown command.
As you close the door, it creaks loudly!
You hear a clap of thunder! x2
Something screams, "I will devour thy soul!"
You hear a clap of thunder! x2
Something screams, "Thy will shall be my junket!"
There is an open door here.
You see here a mace.
You enter the shallow water.
Moving in this stuff is going to be slow.
You close the door, pushing everything out of the way.
Some of the chunks of flesh in your inventory have rotted away.
There is an open door here.
You now have 96 gold pieces (gained 27).
You now have 123 gold pieces (gained 27).
You now have 150 gold pieces (gained 27).
You now have 177 gold pieces (gained 27).
Lom Lobon gestures at you.
Lom Lobon conjures a mighty blast of ice!
The great icy blast engulfs you!
* * * LOW HITPOINT WARNING * * *
You are encased in ice.
You see here 27 gold pieces.
You are engulfed in freezing vapours.
* * * LOW HITPOINT WARNING * * *
Lom Lobon screams, "Embrace thy fall, thou mangled nut-hook snaffler!"
Lom Lobon gestures at you.
Lom Lobon conjures a mighty blast of ice!
The great icy blast engulfs you!
You die...

# * , , #.+..# , #
, , #.##+## , * #**
, , * , #.#≈≈≈##, ,
,, ,* # , * * , ,*
*#.#≈≈≈≈## * # , ,
#..§§#≈≈≈≈≈# , , *
#....####≈≈≈≈#≈≈≈≈
* , *
.*§*..#..#&≈≈≈'≈≈.≈
, * ,§*§.^
#§§§##≈≈#≈≈≈ ≈ * ,
§.&*. #@§§$######'
≈ * * *.§..
,#§§§$#≈≈≈≈ ≈≈ ≈ ≈
≈ ..§§ ,###### ≈ ≈
≈≈ * * ,, *,, , ≈ ≈
≈ * , , , , , , , ,
≈ * * * **


You could see Lom Lobon.

Vanquished Creatures
  A deep elf annihilator (D)
  A mummy priest (D)
  A hydra (D)
  2 centaur warriors (D)
  Sonja (D)
  2 unseen horrors (D)
  2 oklob plants (D)
  2 merfolk sirens (D)
  2 gargoyles (D)
  4 demonic crawlers (D)
  A hellwing (D)
  2 kobold demonologists (D)
  3 hornets (D)
  A slime creature (D)
  A redback (D)
  Sigmund (D)
  13 hogs (D)
  A yak (D)
  3 floating eyes (D)
  7 necrophages (D)
  An ogre (D)
  6 jellies (D)
  Ijyb (D)
  3 ballistomycetes (D)
62 creatures vanquished.

Vanquished Creatures (collateral kills)
  A deep troll (D)
  A lindwurm (D)
  2 hornets (D)
  A redback (D)
  2 jellies (D)
7 creatures vanquished.

Vanquished Creatures (others)
  7 ball lightnings (D)
  2 ballistomycete spores (D)
9 creatures vanquished.

Grand Total: 78 creatures vanquished

Notes
Turn   | Place    | Note
-------+----------+-------------------------------------------
     0 | D        | Mgcat the Deep Dwarf Fighter began the quest for the Orb.
     0 | D        | Reached XP level 1. HP: 20/20 MP: 1/1
     1 | D        | Noticed Ijyb
    18 | D        | Killed Ijyb
    18 | D        | Reached skill level 4 in Fighting
    18 | D        | Reached skill level 4 in Axes
    18 | D        | Reached XP level 2. HP: 26/31 MP: 2/2
   221 | D        | Noticed an ogre
   226 | D        | Killed an ogre
   226 | D        | Reached skill level 6 in Fighting
   226 | D        | Reached skill level 7 in Axes
   226 | D        | Reached XP level 3. HP: 27/42 MP: 3/3
   226 | D        | Reached XP level 4. HP: 32/49 MP: 4/4
   261 | D        | Noticed Sigmund
   268 | D        | Killed Sigmund
   268 | D        | Reached skill level 8 in Fighting
   268 | D        | Reached skill level 9 in Axes
   268 | D        | Reached XP level 5. HP: 53/61 MP: 5/5
   278 | D        | Found a burning altar of Makhleb.
   278 | D        | Found a shimmering altar of Xom.
   278 | D        | Noticed a slime creature
   279 | D        | Found a viscous altar of Jiyva.
   279 | D        | Found a corrupted altar of Lugonu.
   290 | D        | HP: 12/61 [slime creature (9)]
   293 | D        | Killed a slime creature
   293 | D        | Reached skill level 9 in Fighting
   293 | D        | Reached skill level 10 in Axes
   293 | D        | Reached skill level 5 in Armour
   293 | D        | Reached skill level 5 in Shields
   293 | D        | Reached XP level 6. HP: 42/69 MP: 6/6
   301 | D        | Became a worshipper of Makhleb the Destroyer
   415 | D        | Noticed a kobold demonologist
   415 | D        | Noticed a floating eye
   416 | D        | Noticed a kobold demonologist
   419 | D        | Killed a floating eye
   419 | D        | Reached XP level 7. HP: 47/76 MP: 7/7
   421 | D        | Noticed a chaos spawn
   427 | D        | Killed a kobold demonologist
   427 | D        | Reached skill level 11 in Axes
   427 | D        | Reached skill level 7 in Armour
   427 | D        | Reached skill level 7 in Shields
   427 | D        | Killed a kobold demonologist
   427 | D        | Reached * piety under Makhleb
   427 | D        | Reached skill level 10 in Fighting
   427 | D        | Reached XP level 8. HP: 53/86 MP: 8/8
   442 | D        | Found an ornate altar of the Wu Jian Council.
   442 | D        | Found a deep blue altar of Sif Muna.
   444 | D        | Found a radiant altar of Vehumet.
   471 | D        | Found Yscher's Armour Emporium.
   471 | D        | Found an ancient bone altar of Kikubaaqudgha.
   471 | D        | Found a hazy altar of Hepliaklqana.
   471 | D        | Found a stormy altar of Qazlal.
   471 | D        | Found a hide-covered altar of Uskayaw.
   471 | D        | Found a blossoming altar of Fedhas.
   471 | D        | Found a bloodstained altar of Trog.
   471 | D        | Found an iron altar of Okawaru.
   471 | D        | Found a basalt altar of Yredelemnul.
   471 | D        | Found a glowing golden altar of the Shining One.
   471 | D        | Found a snail-covered altar of Cheibriados.
   471 | D        | Found a sacrificial altar of Ru.
   471 | D        | Found a glowing silver altar of Zin.
   471 | D        | Found a shadowy altar of Dithmenos.
   471 | D        | Found a white marble altar of Elyvilon.
   473 | D        | HP: 15/86 [yak (17)]
   477 | D        | Reached skill level 8 in Armour
   477 | D        | Reached skill level 8 in Shields
   478 | D        | Found an opulent altar of Gozag.
   481 | D        | Found a sparkling altar of Nemelex Xobeh.
   499 | D        | Noticed Sonja
   507 | D        | Killed Sonja
   507 | D        | Reached ** piety under Makhleb
   507 | D        | Reached skill level 12 in Axes
   507 | D        | Reached skill level 9 in Armour
   507 | D        | Reached skill level 9 in Shields
   529 | D        | HP: 13/88 [something (32)]
   593 | D        | Noticed a centaur warrior
   594 | D        | Noticed a centaur warrior
   604 | D        | HP: 22/88 [centaur warrior (8)]
   614 | D        | Killed a centaur warrior
   614 | D        | Reached skill level 11 in Fighting
   614 | D        | Reached skill level 13 in Axes
   614 | D        | Reached skill level 10 in Armour
   614 | D        | Reached skill level 10 in Shields
   614 | D        | Gained mutation: You passively map the area around you. [Deep Dwarf growth]
   614 | D        | Reached XP level 9. HP: 79/97 MP: 7/7
   616 | D        | Killed a centaur warrior
   652 | D        | Noticed a demonic crawler
   652 | D        | Noticed a demonic crawler
   652 | D        | Noticed a demonic crawler
   652 | D        | Noticed a demonic crawler
   665 | D        | Killed a demonic crawler
   665 | D        | Reached skill level 11 in Armour
   665 | D        | Reached skill level 11 in Shields
   665 | D        | Reached skill level 2 in Invocations
   668 | D        | HP: 24/98 [demonic crawler (6)]
   675 | D        | Killed a demonic crawler
   675 | D        | Reached *** piety under Makhleb
   675 | D        | Reached skill level 12 in Fighting
   684 | D        | Killed a demonic crawler
   684 | D        | Reached skill level 3 in Invocations
   692 | D        | Killed a demonic crawler
   692 | D        | Reached skill level 14 in Axes
   692 | D        | Reached skill level 4 in Invocations
   692 | D        | Reached XP level 10. HP: 79/106 MP: 8/10
   705 | D        | Noticed a gargoyle
   725 | D        | Killed a gargoyle
   725 | D        | Reached **** piety under Makhleb
   725 | D        | Reached skill level 5 in Invocations
   734 | D        | Noticed a lindwurm
   747 | D        | Killed a lindwurm
   788 | D        | Noticed a deep troll
   799 | D        | Killed a deep troll
   799 | D        | Reached skill level 6 in Invocations
   822 | D        | Found Nypimnuj's Armour Emporium.
   829 | D        | Bought the +1 pair of gloves of the Buccaneer {rElec Stlth+} for 263 gold pieces
   829 | D        | Bought a +0 robe for 7 gold pieces
   834 | D        | Bought a +3 chain mail of poison resistance for 235 gold pieces
   876 | D        | Noticed an oklob plant
   886 | D        | Killed an oklob plant
   886 | D        | Reached skill level 12 in Armour
   886 | D        | Reached skill level 12 in Shields
   948 | D        | HP: 19/109 [something (7)]
   988 | D        | Killed an unseen horror
   988 | D        | Reached skill level 7 in Invocations
  1000 | D        | Killed an unseen horror
  1000 | D        | Reached skill level 8 in Invocations
  1000 | D        | Reached ***** piety under Makhleb
  1016 | D        | Reached skill level 13 in Fighting
  1029 | D        | Reached skill level 15 in Axes
  1043 | D        | Reached ****** piety under Makhleb
  1065 | D        | Got a bone quarterstaff
  1077 | D        | Found Vulil's Magic Scroll Shoppe.
  1077 | D        | Found Guinke's Book Shop.
  1077 | D        | Found Saiwawuy's Food Boutique.
  1079 | D        | Found Teaneecw's Gadget Emporium.
  1079 | D        | Found Fuosinog's Magic Scroll Shop.
  1079 | D        | Found Ybuavvou's Antique Armour Shoppe.
  1079 | D        | Found Jucsaryx's Food Boutique.
  1079 | D        | Found Gidirau's Gadget Emporium.
  1079 | D        | Found Biad's Antique Armour Shop.
  1079 | D        | Found Xodoith's Armour Shoppe.
  1083 | D        | Found Faim's Assorted Antiques.
  1084 | D        | Found Hadafaeh's Armour Emporium.
  1084 | D        | Found Etsual's Food Boutique.
  1085 | D        | Found Inkept's Armour Emporium.
  1105 | D        | Bought a brightly glowing plate armour for 532 gold pieces
  1105 | D        | Bought a runed helmet for 142 gold pieces
  1115 | D        | Identified the cursed +1 plate armour "Ykuygg" {rF+ rN+ Dex+3} (You bought it in a shop in the Dungeon)
  1207 | D        | Reached skill level 9 in Invocations
  1207 | D        | Reached XP level 11. HP: 117/117 MP: 11/11
  1231 | D        | Reached skill level 13 in Armour
  1231 | D        | Reached skill level 13 in Shields
  1272 | D        | Reached skill level 10 in Invocations
  1290 | D        | Noticed a daeva
  1297 | D        | Noticed a 12-headed hydra
  1298 | D        | Paralysed by a floating eye for 4 turns
  1303 | D        | HP: 27/117 [12-headed hydra (7)]
  1305 | D        | HP: 12/117 [12-headed hydra (4)]
  1315 | D        | Killed a 12-headed hydra
  1345 | D        | Noticed a deep elf annihilator
  1368 | D        | Paralysed by a hornet for 2 turns
  1374 | D        | Reached skill level 11 in Invocations
  1384 | D        | Killed a deep elf annihilator
  1384 | D        | Reached skill level 16 in Axes
  1390 | D        | Noticed a mummy priest
  1391 | D        | Noticed an oklob plant
  1401 | D        | Killed an oklob plant
  1401 | D        | Reached skill level 14 in Fighting
  1401 | D        | Reached skill level 14 in Armour
  1401 | D        | Reached skill level 14 in Shields
  1413 | D        | Killed a mummy priest
  1447 | D        | Noticed Lom Lobon
  1471 | D        | HP: 15/120 [Lom Lobon] (19)]
  1471 | D        | Killed from afar by Lom Lobon

Skill      XL: |  1  2  3  4  5  6  7  8  9 10 11 |
---------------+----------------------------------+-----
Fighting       | 4 6 8 9 10 11 12 13 14 | 14.1
Axes           | 4 7 9 10 11 13 14 15 16 | 16.2
Armour         | 5 7 10 11 12 14 | 14.2
Shields        | 5 7 10 11 12 14 | 14.2
Invocations    | 4 9 11 | 11.8

Action                   |  1- 3 |  4- 6 |  7- 9 | 10-12 || total
-------------------------+-------+-------+-------+-------++-------
Melee: War axe           |    20 |    20 |    83 |   238 ||   361
Invok: Lesser Servant of |       |       |       |    11 ||    11
       Major Destruction |       |       |       |    18 ||    18
 Abil: Heal Wounds       |       |     3 |     8 |    15 ||    26
  Use: Potion            |     1 |       |     3 |       ||     4
       Scroll            |       |       |       |     3 ||     3
 Stab: Distracted        |       |       |       |     1 ||     1
  Eat: Ration            |       |       |       |     1 ||     1
Armor: Scale mail        |    14 |     2 |    53 |     8 ||    77
       Chain mail        |       |       |       |    75 ||    75
       Plate armour      |       |       |       |    98 ||    98
Dodge: Dodged            |     1 |     3 |    51 |    45 ||   100
Block: Shield            |     3 |     5 |    74 |   137 ||   219

Vault maps used:
D:        dungeon_sprint_1

Table legend:
 A = Turns spent in this place as a percentage of turns spent in the entire game.
 B = Non-inter-level travel turns spent in this place as a percentage of non-inter-level travel turns spent in the entire game.
 C = Inter-level travel turns spent in this place as a percentage of turns spent in this place.
 D = Turns resting spent in this place as a percentage of non-inter-level travel turns spent in this place.
 E = Turns spent auto-exploring this place as a percentage of non-inter-level travel turns spent in this place.
 F = Non-inter-level travel turns spent in this place divided by the number of levels of this place that you've seen.
                   A       B       C       D       E      F
               +-------+-------+-------+-------+-------+----------------------
         Total | 100.0 | 100.0 |   0.0 |  21.9 |   3.9 | 1471.0
       Dungeon | 100.0 | 100.0 |   0.0 |  21.9 |   3.9 | 1471.0
               +-------+-------+-------+-------+-------+----------------------

Table legend:
 A = Kills in this place as a percentage of kills in entire the game.
 B = Kills by you in this place as a percentage of kills by you in the entire game.
 C = Kills by friends in this place as a percentage of kills by friends in the entire game.
 D = Other kills in this place as a percentage of other kills in the entire game.
 E = Experience gained in this place as a percentage of experience gained in the entire game.
 F = Experience gained in this place divided by the number of levels of this place that you have seen.
                   A       B       C       D       E      F
               +-------+-------+-------+-------+-------+----------------------
         Total | 100.0 | 100.0 | 100.0 |   N/A | 100.0 | 18923.0
       Dungeon | 100.0 | 100.0 | 100.0 |   N/A | 100.0 | 18923.0
               +-------+-------+-------+-------+-------+----------------------
